 Dungeon Crawl Stone Soup version 0.31-a0-705-ga145531891 (webtiles) character file.

Game seed: 88948195485684868

330 qw the Shooter (level 6, -4/38 HPs)
             Began as a Gargoyle Hunter on Sept 9, 2023.
             Slain by an ogre
             ... wielding a +0 giant club
              (10 damage)
             ... on level 4 of the Dungeon.
             The game lasted 00:01:12 (2594 turns).

qw the Shooter (Gargoyle Hunter)                    Turns: 2594, Time: 00:01:12

Health: -4/38      AC: 14    Str: 15    XL:     6   Next: 51%
Magic:  6/6        EV: 11    Int:  9    God:
Gold:   142        SH:  0    Dex: 15    Spells: 5/5 levels left

rFire   . . .        Y - +1 shortbow
rCold   . . .        (shield currently unavailable)
rNeg    + . .        a - +3 leather armour {Will+}
rPois   inf          (no helmet)
rElec   +            b - +0 cloak
rCorr   .            h - +2 pair of gloves {infuse}
SInv    .            (no boots)
Will    +....        (no amulet)
Stlth   ++           (no ring)
HPRegen 0.26/turn    (no ring)
MPRegen 0.10/turn

%: infuse magic (1 MP)
@: no status effects
A: sickness immunity, AC +4, negative energy resistance 1, electricity
resistance, torment resistance 1, petrification resistance
a: no special abilities


You were on level 4 of the Dungeon.
You visited 1 branch of the dungeon, and saw 4 of its levels.

You collected 142 gold pieces.


Innate Abilities, Weirdness & Mutations

You are immune to sickness and miasma.
Your stone body is resilient. (AC +4)
You are immune to poison.
You resist negative energy. (rN+)
You are resistant to electric shocks. (rElec)
You are resistant to unholy torment.
You are immune to petrification.


   Skills:
 - Level 4.0 Fighting
 + Level 6.5 Ranged Weapons
 - Level 2.2 Armour
 - Level 1.5 Dodging
 - Level 1.1 Stealth


You had 5 spell levels left.
You didn't know any spells.
Your spell library was empty.

Inventory:

Hand Weapons
 Y - a +1 shortbow (weapon)
Armour
 a - a +3 leather armour of willpower (worn)
 b - a +0 cloak (worn)
 h - a +2 pair of gloves of infusion (worn)
 i - a +0 helmet
 m - a +2 cloak
Jewellery
 f - a +5 ring of evasion
Scrolls
 k - a scroll of silence {unknown}
 n - 3 scrolls of amnesia {unknown}
Potions
 c - a potion of lignification {unknown}
 d - a potion of curing
 e - a potion of brilliance {unknown}
 g - a potion of heal wounds {unknown}
 j - a potion of invisibility {unknown}
 l - a potion of cancellation {unknown}

Dungeon Overview and Level Annotations

Branches:
Dungeon (4/15)
 Temple: D:4-7

Altars:

Annotations:
D:2 1 runed translucent door, Crazy Yiuf


Message History

Enter note:
There is a stone staircase leading up here.
You now have 142 gold pieces (gained 9).
A kobold comes into view. It is wielding a +0 short sword.
You shoot an arrow. The arrow hits the kobold.
You kill the kobold!
An ogre comes into view. It is wielding a +0 giant club.
Things that are here:
a +0 short sword; 2 stones You shoot an arrow.
The ogre shouts!
The arrow hits the ogre.
The ogre is lightly wounded.
You shoot an arrow. The arrow hits the ogre.
The ogre is moderately wounded.
You shoot an arrow.
The arrow hits the ogre but does no damage.
The ogre is moderately wounded.
You shoot an arrow.
The arrow hits the ogre but does no damage.
The ogre is moderately wounded.
The ogre barely misses you.
You shoot an arrow. The arrow hits the ogre.
The ogre is moderately wounded.
The ogre completely misses you.
You shoot an arrow. The arrow completely misses the ogre.
You shoot an arrow. The arrow hits the ogre!
The ogre is severely wounded.
The ogre closely misses you.
You shoot an arrow. The arrow completely misses the ogre.
The ogre hits you with a +0 giant club!
You shoot an arrow. The arrow hits the ogre!
The ogre is almost dead.
The ogre hits you with a +0 giant club!
You shoot an arrow. The arrow barely misses the ogre.
You shoot an arrow. The arrow barely misses the ogre.
The ogre hits you with a +0 giant club!
You shoot an arrow. The arrow barely misses the ogre.
The ogre hits you with a +0 giant club!
You die...

###############
#......@O......
#.#########.###
#.# #.# #.# #.#
#.# #.# #.#


You could see an ogre.

Vanquished Creatures
  A hound (D:3)
  Jessica (D:2)
  An iguana (D:4)
  Ijyb (D:3)
  An orc wizard (D:3)
  7 adders
  3 gnolls (D:4)
  A worm (D:2)
  3 dart slugs
  8 orcs
  7 bats
  8 endoplasms
  2 giant cockroaches (D:1)
  4 goblins
  4 hobgoblins
  15 jackals
  8 kobolds
  2 quokkas (D:1)
  9 ball pythons
  5 frilled lizards
  3 rats
94 creatures vanquished.

Notes
Turn   | Place    | Note
-------+----------+-------------------------------------------
     0 | D:1      | qw the Gargoyle Hunter began the quest for the Orb.
     0 | D:1      | Reached XP level 1. HP: 12/12 MP: 1/1
     0 | D:1      | 0 ||| qw: Version: 0.3-a-80-g6052c40
     0 | D:1      | 0 ||| qw: Game counter: 1338
     0 | D:1      | 0 ||| qw: Melee chars always use a shield: true
     0 | D:1      | 0 ||| qw: God list: Okawaru
     0 | D:1      | 0 ||| qw: Allow faded altars: false
     0 | D:1      | 0 ||| qw: Do Orc after clearing Dungeon:15 true
     0 | D:1      | 0 ||| qw: Do second Lair branch before Depths: true
     0 | D:1      | 0 ||| qw: Lair rune preference: random
     0 | D:1      | 0 ||| qw: Goals: Normal
     0 | D:1      | 0 ||| PLANNING D:1-11
   131 | D:1      | Reached XP level 2. HP: 17/17 MP: 2/2
   384 | D:1      | Reached XP level 3. HP: 21/21 MP: 3/3
   447 | D:1      | Reached skill level 5 in Ranged Weapons
   653 | D:1      | 653 ||| UPGRADING to +2 pair of gloves of infusion.
   658 | D:1      | 658 ||| UPGRADING to +0 ring mail.
   668 | D:1      | 668 ||| DROPPING +0 leather armour.
   669 | D:1      | 669 ||| READING scroll labelled LOR LAH NULA.
   670 | D:1      | 670 ||| READING scroll labelled GODYFA XUECA.
   671 | D:1      | 671 ||| DRINKING 2 purple potions.
   672 | D:1      | 672 ||| DROPPING scroll of butterflies.
   673 | D:1      | 673 ||| DROPPING potion of attraction.
   699 | D:2      | Noticed Jessica
   704 | D:2      | 704 ||| STAIRDANCE
   712 | D:2      | 712 ||| STAIRDANCE
   718 | D:2      | 718 ||| STAIRDANCE
   777 | D:2      | 777 ||| STAIRDANCE
   814 | D:2      | Killed Jessica
   815 | D:2      | Reached XP level 4. HP: 27/27 MP: 4/4
   913 | D:2      | Reached skill level 3 in Fighting
  1067 | D:2      | Reached XP level 5. HP: 32/32 MP: 5/5
  1083 | D:2      | Found a runed translucent door.
  1084 | D:2      | Noticed Crazy Yiuf
  1281 | D:2      | 1281 ||| DROPPING +2 pair of gloves.
  1282 | D:2      | 1282 ||| READING scroll labelled ARIMOS RIPOEL.
  1283 | D:2      | 1283 ||| READING scroll labelled CUSYGONTOI.
  1284 | D:2      | 1284 ||| READING scroll labelled NUFEARR NOEQE.
  1307 | D:2      | 1307 ||| DRINKING 2 clear potions.
  1416 | D:2      | 1416 ||| DRINKING 3 golden potions.
  1417 | D:2      | 1417 ||| DROPPING potion of berserk rage.
  1508 | D:3      | Noticed Ijyb
  1517 | D:3      | Killed Ijyb
  1745 | D:3      | 1745 ||| DRINKING 2 potions of curing.
  1745 | D:3      | 1745 ||| (to cure confusion)
  1803 | D:3      | Reached skill level 6 in Ranged Weapons
  1870 | D:3      | Reached XP level 6. HP: 37/37 MP: 6/6
  2190 | D:3      | 2190 ||| UPGRADING to +3 leather armour of willpower.
  2200 | D:3      | 2200 ||| UPGRADING to +0 cloak.
  2205 | D:3      | 2205 ||| DROPPING +0 ring mail.
  2206 | D:3      | 2206 ||| READING scroll labelled KYM YRIJET.
  2207 | D:3      | 2207 ||| READING scroll labelled DAORRO TOFEG.
  2208 | D:3      | 2208 ||| READING scroll labelled MUSAOTONI.
  2593 | D:4      | HP: 6/38 [ogre/+0 giant club (11)]
  2594 | D:4      | Slain by an ogre

Levels and vault maps discovered:
D:1:      dpeg_arrival_signposts, layout_rooms, minmay_misc_feat_enclosed,
          hangedman_decor_opposing
D:2:      layout_rooms, nicolae_figureground_sparkle, uniq_crazy_yiuf_cottage,
          uniq_jessica
D:3:      layout_basic, uniq_ijyb
D:4:      layout_basic

Skill      XL: |  1  2  3  4  5  6 |
---------------+-------------------+-----
Ranged Weapons | 5 6 |  6.5
Armour         | 2 |  2.2
Fighting       | 3 4 |  4.0
Dodging        | |  1.5
Stealth        | |  1.1

Action                     |  1- 3 |  4- 6 || total
---------------------------+-------+-------++-------
   Fire: Shortbow          |    94 |   187 ||   281
    Use: Scroll            |     2 |     6 ||     8
         Potion            |     1 |     3 ||     4
 Armour: Leather armour    |    27 |    20 ||    47
         Ring mail         |    19 |    62 ||    81
  Dodge: Dodged            |    39 |    67 ||   106

Table legend:
 A = Non-vault XP
 B = Vault XP
 C = Vault XP percentage of total XP
 D = Non-vault monster count
 E = Vault monster count
 F = Vault count percentage of total count
                 A         B        C        D         E       F
            +---------+---------+-------+---------+---------+-------
      Total |     400 |      72 |  15.3 |      92 |       2 |   2.1
            +---------+---------+-------+---------+---------+-------
        D:1 |      56 |       0 |   0.0 |      29 |       0 |   0.0
        D:2 |      83 |      37 |  30.8 |      24 |       1 |   4.0
        D:3 |     141 |      35 |  19.9 |      25 |       1 |   3.8
        D:4 |     120 |       0 |   0.0 |      14 |       0 |   0.0
            +---------+---------+-------+---------+---------+-------
